 Dungeon Crawl Stone Soup version 0.21.1-1-g345015f (webtiles) character file.

1330 diana the Spear-Bearer (level 8, -1/58 HPs)
             Began as a Merfolk Gladiator on June 3, 2018.
             Was a Follower of Cheibriados.
             Slain by a gnoll
             ... wielding a +0 whip
              (2 damage)
             ... on level 6 of the Dungeon.
             The game lasted 00:08:06 (5809 turns).

diana the Spear-Bearer (Merfolk Gladiator)          Turns: 5809, Time: 00:08:07

Health: -1/58      AC:  4    Str: 21    XL:     8   Next: 60%
Magic:  8/9        EV: 15    Int: 10    God:    Cheibriados [*.....]
Gold:   326        SH:  0    Dex: 19    Spells: 7/7 levels left

rFire    . . .     SeeInvis .   a - +0 trident
rCold    . . .     Gourm    .   (no shield)
rNeg     . . .     Faith    .   b - +0 leather armour
rPois    .         Spirit   .   c - +0 helmet
rElec    .         Reflect  .   (no cloak)
rCorr    .         Harm     +   (no gloves)
MR       +....     Rnd*Tele +   (no boots)
Stlth    +.........             w - amulet of harm
HPRegen  0.19/turn              k - ring of teleportation (curse)
MPRegen  0.11/turn              m - ring of protection from magic

@: mighty, hasted, very quick
A: change form in water, swift swim, stealthy swim
a: Bend Time, Renounce Religion


You were on level 6 of the Dungeon.
You worshipped Cheibriados.
Cheibriados was aware of your devotion.
You were not hungry.

You visited 2 branches of the dungeon, and saw 7 of its levels.

You collected 326 gold pieces.

Inventory:

Hand Weapons
 a - a +0 trident (weapon)
Missiles
 d - 3 throwing nets (quivered)
Armour
 b - a +0 leather armour (worn)
 c - a +0 helmet (worn)
Jewellery
 k - a cursed ring of teleportation (left hand)
 m - a ring of protection from magic (right hand)
 w - an amulet of harm (around neck)
Wands
 l - a wand of polymorph (5)
 p - a wand of paralysis (6)
 u - a wand of digging (13)
Scrolls
 e - 6 scrolls of identify {unknown}
 g - 2 scrolls of fog {unknown}
 h - 4 scrolls of magic mapping {unknown}
 n - 4 scrolls of teleportation {unknown}
 s - 2 scrolls of remove curse {unknown}
Potions
 o - 2 potions of magic
 q - a potion of curing {unknown}
 t - a potion of degeneration {unknown}
 v - a potion of might
Books
 i - a book of Callings

   Spells                             Type                      Level
   a - Summon Small Mammal            Summoning                    1
   b - Call Imp                       Summoning                    2
   c - Call Canine Familiar           Summoning                    3
   d - Summon Guardian Golem          Hexes/Summoning              3
   e - Summon Lightning Spire         Summoning/Air                4
   f - Summon Ice Beast               Ice/Summoning                4
 r - Kikubaaqudgha's Tome of Necromancy
   (You found it on level 5 of the Dungeon)

   Spells                             Type                      Level
   a - Pain                           Necromancy                   1
Comestibles
 f - 6 rations


   Skills:
 * Level 3.5 Fighting
 * Level 13.4 Polearms
 - Level 2.1 Throwing
 * Level 5.3 Dodging
 + Level 1.4 Invocations


You had 7 spell levels left.
You didn't know any spells.

Dungeon Overview and Level Annotations

Branches:
Dungeon (6/15)             Temple (1/1) D:4

Altars:
Ashenzari
Cheibriados
Dithmenos
Elyvilon
Fedhas
Gozag
Kikubaaqudgha
Makhleb
Nemelex Xobeh
Okawaru
Qazlal
Ru
Sif Muna
Uskayaw
Vehumet
Xom
Yredelemnul
Zin
The Shining One


Message History

The gnoll closely misses you. x2
The gnoll shaman hits you but does no damage.
You puncture the gnoll shaman!
The gnoll shaman is heavily wounded.
You puncture the gnoll shaman!
You kill the gnoll shaman!
You hit the gnoll.
The gnoll is heavily wounded.
The gnoll barely misses you. The gnoll hits you with a whip.
* * * LOW HITPOINT WARNING * * *
You hit the gnoll.
The gnoll is almost dead.
You puncture the gnoll!
You kill the gnoll!
The gnoll barely misses you.
You barely miss the gnoll. You hit the gnoll.
The gnoll is lightly wounded.
The gnoll hits you with a whip.
You die...

................###
#########+#########..#
+.....#..........#...#
#.....'..........#...#
####.###....##..##...#
##.###....##..##...#
#...)..............#
#.................##
#######...##.)@...#
#...##.)g...#
............#
............+
....##..##..#
....##..##..# ...
....#..# #. ##... ...
#... ...


You could see a gnoll.

Vanquished Creatures
  The ghost of Tiareth the Magician, an amateur DEWz (D:4)
  A sky beast (D:5)
  An ice beast (D:6)
  2 ogres (D:6)
  A centaur (D:6)
  2 bullfrogs
  A scorpion (D:4)
  A howler monkey (D:4)
  A crimson imp (D:5)
  3 hounds
  A centaur skeleton (D:5)
  Jessica (D:2)
  A gnoll shaman (D:6)
  4 worker ants
  A killer bee zombie (D:5)
  2 gnolls (D:6)
  8 adders
  A shadow imp (D:5)
  An ooze (D:3)
  An adder skeleton (D:6)
  4 worms
  2 dart slugs
  2 leopard geckos
  5 orcs (D:4)
  A ball python (D:3)
  5 giant cockroaches
  14 goblins
  8 hobgoblins
  8 kobolds
  3 quokkas
  8 bats
  10 frilled lizards
  A leopard gecko skeleton (D:4)
  11 rats
  A spectral orc (D:3)
118 creatures vanquished.

Vanquished Creatures (others)
  An orc (D:4)
1 creature vanquished.

Grand Total: 119 creatures vanquished

Notes
Turn   | Place    | Note
-------+----------+-------------------------------------------
     0 | D:1      | diana the Merfolk Gladiator began the quest for the Orb.
     0 | D:1      | Reached XP level 1. HP: 16/16 MP: 1/1
    71 | D:1      | Reached XP level 2. HP: 16/23 MP: 2/2
   178 | D:1      | Reached skill level 5 in Polearms
   500 | D:1      | Reached XP level 3. HP: 26/28 MP: 3/3
  1140 | D:2      | Reached skill level 6 in Polearms
  1258 | D:2      | Found a sparkling altar of Nemelex Xobeh.
  1306 | D:2      | Noticed Jessica
  1310 | D:2      | Reached XP level 4. HP: 29/34 MP: 4/4
  1317 | D:2      | Killed Jessica
  1317 | D:2      | Reached skill level 7 in Polearms
  1899 | D:3      | Reached XP level 5. HP: 35/39 MP: 5/5
  2023 | D:3      | Reached skill level 8 in Polearms
  2039 | D:3      | Found a basalt altar of Yredelemnul.
  2389 | D:4      | Noticed Tiareth's ghost (amateur DEWz)
  2393 | D:4      | Reached skill level 9 in Polearms
  2393 | D:4      | Reached XP level 6. HP: 45/45 MP: 6/6
  2413 | D:4      | Killed Tiareth's ghost
  2413 | D:4      | Reached skill level 10 in Polearms
  2446 | D:4      | Reached XP level 7. HP: 51/51 MP: 7/7
  2748 | D:4      | Found a staircase to the Ecumenical Temple.
  2758 | Temple   | Entered the Ecumenical Temple
  3342 | Temple   | Became a worshipper of Cheibriados the Contemplative
  3465 | D:4      | Found a glowing golden altar of the Shining One.
  3473 | D:4      | Reached skill level 11 in Polearms
  3478 | D:4      | Found a glowing silver altar of Zin.
  3503 | D:4      | Found a shadowy altar of Dithmenos.
  3812 | D:5      | Entered Level 5 of the Dungeon
  3951 | D:5      | Found an ancient bone altar of Kikubaaqudgha.
  3955 | D:5      | Found a deep blue altar of Sif Muna.
  3956 | D:5      | Found a radiant altar of Vehumet.
  3958 | D:5      | Identified Kikubaaqudgha's Tome of Necromancy
  4032 | D:5      | Found a sacrificial altar of Ru.
  4142 | D:5      | Found a burning altar of Makhleb.
  4302 | D:5      | Reached skill level 12 in Polearms
  4938 | D:6      | Reached XP level 8. HP: 45/57 MP: 8/8
  5026 | D:6      | Reached skill level 13 in Polearms
  5224 | D:6      | Reached * piety under Cheibriados
  5226 | D:6      | Reached skill level 1 in Invocations
  5244 | D:6      | Reached skill level 5 in Dodging
  5800 | D:6      | HP: 2/58 [gnoll/whip (8)]
  5805 | D:6      | HP: 1/58 [gnoll/whip (2)]
  5809 | D:6      | Slain by a gnoll

Skill      XL: |  1  2  3  4  5  6  7  8 |
---------------+-------------------------+-----
Polearms       | 5 6 7 9 10 12 13 | 13.4
Fighting       | 3 |  3.5
Invocations    | 1 |  1.4
Dodging        | 5 |  5.3
Throwing       | |  2.1

Action                   |  1- 3 |  4- 6 |  7- 9 || total
-------------------------+-------+-------+-------++-------
Melee: Trident           |   137 |   149 |   237 ||   523
       Unarmed           |    22 |       |       ||    22
  Use: Potion            |       |     1 |     3 ||     4
 Stab: Sleeping          |     1 |     4 |     1 ||     6
  Eat: Chunk             |     2 |     2 |     4 ||     8
       Ration            |       |       |     2 ||     2
Armor: Leather armour    |    28 |    18 |    22 ||    68
       Skin              |       |    29 |       ||    29
Dodge: Dodged            |   113 |    64 |   151 ||   328
